 Dungeon Crawl Stone Soup version 0.28-a0-563-gf77a47075d (webtiles) character file.

Game seed: 238058462110062309

216 dolemite99 the Chopper (level 5, -3/40 HPs)
             Began as a Minotaur Chaos Knight on Oct 1, 2021.
             Was a Plaything of Xom.
             Slain by Duvessa (6 damage)
             ... on level 4 of the Dungeon.
             The game lasted 00:04:55 (4091 turns).

dolemite99 the Chopper (Minotaur Chaos Knight)      Turns: 4091, Time: 00:04:55

Health: -3/40      AC: 11    Str: 17    XL:     5   Next: 61%
Magic:  4/4        EV:  6    Int:  9    God:    Xom [..*...]
Gold:   109        SH:  5    Dex: 10    Spells: 4/4 levels left

rFire   . . .      SeeInvis .   a - +0 hand axe (chaos)
rCold   . . .      Faith    .   l - +2 buckler {AC+3}
rNeg    . . .      Spirit   .   q - +0 chain mail
rPois   .          Reflect  .   (helmet restricted)
rElec   .          Harm     .   (no cloak)
rCorr   .          Rampage  .   (no gloves)
Will    .....                   (no boots)
Stlth   ..........              (no amulet)
HPRegen 0.13/turn               (no ring)
MPRegen 0.09/turn               (no ring)

@: hasted, very quick
A: horns 2, retaliatory headbutt, frail 1, noise suppression
a: Renounce Religion


You were on level 4 of the Dungeon.
You worshipped Xom.
You were a toy of Xom.
You visited 1 branch of the dungeon, and saw 4 of its levels.

You collected 163 gold pieces.
You spent 54 gold pieces at shops.

Inventory:

Hand Weapons
 a - a +0 hand axe of chaos (weapon)
 v - a +2 morningstar of chaos
Missiles
 o - 106 stones (quivered)
Armour
 h - a +0 ring mail
 l - a +2 buckler of protection (worn)
 p - a +0 scale mail
 q - a +0 chain mail (worn)
Magical Staves
 c - a staff of poison
Jewellery
 d - a +4 ring of protection
 g - an amulet of the acrobat
Scrolls
 b - a scroll of vulnerability {unknown}
 e - 2 scrolls of magic mapping {unknown}
 i - a scroll of acquirement {unknown}
 j - a scroll of fear
 k - a scroll of blinking
 m - 2 scrolls of summoning {unknown}
 n - a scroll of fog {unknown}
 r - a scroll of immolation {unknown}
 u - a scroll of identify {@r1}
Potions
 s - a potion of lignification {unknown}
 t - a potion of heal wounds {unknown}


   Skills:
 - Level 3.6 Fighting
 - Level 7.7 Axes
 + Level 0.2(4.7) Maces & Flails
 - Level 2.4 Armour
 - Level 1.1 Dodging


You had 4 spell levels left.
You didn't know any spells.
Your spell library contained the following spells:

 Spells                   Type           Power      Damage    Failure   Level
 Sublimation of Blood     Necr           0%         N/A       100%        2
 Wereblood                Tmut           0%         N/A       100%        2
 Summon Hydra             Summ           0%         N/A       100%        7


Dungeon Overview and Level Annotations

Branches:
Dungeon (4/15)
 Temple: D:4-7

Altars:
Ru
Xom

Shops:
D:1 [

Annotations:
D:4 Duvessa


Innate Abilities, Weirdness & Mutations

You have a pair of horns on your head.
You reflexively headbutt those who attack you in melee.
You are frail. (-10% HP)
You passively dampen the noise of your surroundings.


Message History

The ball python bites you but does no damage.
The ball python constricts you.
You hit Duvessa. You drain Duvessa. Your headbutt misses Duvessa.
Duvessa is moderately wounded.
You closely miss the ball python. Duvessa hits you with a +0 rapier.
The ball python bites you but does no damage.
The ball python constricts you.
You closely miss Duvessa.
Duvessa is moderately wounded.
You closely miss the ball python.
The ball python bites you but does no damage.
The ball python constricts you. Duvessa hits you with a +0 rapier!
You hit Duvessa but do no damage.
Duvessa is moderately wounded.
You closely miss the ball python. The ball python bites you.
The ball python constricts you. Duvessa barely misses you.
You hit Duvessa but do no damage.
Duvessa is moderately wounded.
You barely miss the ball python.
The ball python bites you but does no damage.
The ball python constricts you. Duvessa hits you with a +0 rapier.
The ball python bites you but does no damage.
The ball python constricts you.
You hit Duvessa but do no damage. Your headbutt misses Duvessa.
Duvessa is moderately wounded.
You closely miss the ball python. Duvessa completely misses you.
The ball python bites you. The ball python constricts you.
Your chain mail prevents you from hitting Duvessa.
Duvessa is moderately wounded.
You hit the ball python.
You kill the ball python!
Duvessa hits you with a +0 rapier.
* * * LOW HITPOINT WARNING * * *
You feel yourself speed up. Duvessa hits you with a +0 rapier!
* * * LOW HITPOINT WARNING * * *
You hit Duvessa. You burn Duvessa.
Duvessa is heavily wounded.
Duvessa hits you with a +0 rapier.
You die...
Xom cackles wildly!

######
#...8#######
#...##@....##
#._...†e....##
#...##.......#
#...8#.......#
######>......#
...###..>.......#
#...e...........
......#.<.......>
..... .........##


You could see Duvessa (strong, drained).

Vanquished Creatures
  An orc priest (D:3)
  2 orc wizards (D:3)
  4 adders
  A worm (D:2)
  4 dart slugs
  9 orcs
  10 ball pythons
  7 bats
  5 endoplasms
  2 giant cockroaches
  9 goblins
  6 hobgoblins
  2 jackals (D:1)
  3 quokkas
  A frilled lizard (D:2)
  7 kobolds
  4 rats
77 creatures vanquished.

Notes
Turn   | Place    | Note
-------+----------+-------------------------------------------
     0 | D:1      | dolemite99 the Minotaur Chaos Knight began the quest for
                  | the Orb.
     0 | D:1      | Reached XP level 1. HP: 19/19 MP: 0/0
   306 | D:1      | Reached skill level 4 in Axes
   308 | D:1      | XOM: potion effect (brilliance)
   312 | D:1      | XOM: divination: magic mapping
   321 | D:1      | XOM: silly message
   351 | D:1      | Reached XP level 2. HP: 20/26 MP: 1/1
   381 | D:1      | XOM: 4-stop teleportation journey
   394 | D:1      | Found a faded altar of an unknown god.
   427 | D:1      | Found Nostresch's Armour Shoppe.
   598 | D:1      | Reached skill level 5 in Axes
   735 | D:1      | Reached XP level 3. HP: 31/31 MP: 2/2
   850 | D:1      | XOM: silly message
   879 | D:1      | XOM: noise
   957 | D:1      | XOM: give mutations
   957 | D:1      | Gained mutation: You are frail. (-10% HP) [Xom's mischief]
   957 | D:1      | Gained mutation: You passively dampen the noise of your
                  | surroundings. [Xom's mischief]
   957 | D:1      | Lost mutation: You are frail. (-10% HP) [Xom's mischief]
  1121 | D:1      | XOM: summons 2 hostile demons
  1687 | D:2      | XOM: give mutation
  1687 | D:2      | Gained mutation: You are frail. (-10% HP) [Xom's mischief]
  1759 | D:2      | XOM: polymorph kobold -> orc
  1998 | D:2      | Found a shimmering altar of Xom.
  2179 | D:2      | XOM: summons 2 hostile demons
  2269 | D:2      | Reached skill level 6 in Axes
  2269 | D:2      | Reached XP level 4. HP: 18/35 MP: 3/3
  2932 | D:1      | Bought a +0 chain mail for 54 gold pieces
  3235 | D:3      | Reached XP level 5. HP: 40/40 MP: 4/4
  3250 | D:3      | Reached skill level 7 in Axes
  3254 | D:3      | XOM: confuse monster(s)
  3256 | D:3      | XOM: noise
  3266 | D:3      | XOM: 7-stop teleportation journey
  3972 | D:3      | XOM: god gift: glowing morningstar {god gift}
  4061 | D:4      | Found a sacrificial altar of Ru.
  4071 | D:4      | Noticed Duvessa
  4091 | D:4      | Slain by Duvessa

Illustrated notes

Levels and vault maps discovered:
D:1:      scummos_arrival_forest, layout_loops_ring, serial_shops, shop,
          hellmonk_ecumenical_altar_prayer_group, st_stairs_14
D:2:      layout_basic, basic_altar
D:3:      layout_loops_corners, minmay_splitting_lines,
          chequers_serial_rivers_small_3, guppyfry_early_lair_pool
D:4:      layout_rooms, mainiacjoe_overflow_alcove_2, enter_ossuary_4,
          uniq_duvessa

Skill      XL: |  1  2  3  4  5 |
---------------+----------------+-----
Axes           | 4 5 6 7 |  7.7
Fighting       | |  3.6
Maces & Flails | |  0.2
Armour         | |  2.4
Dodging        | |  1.1

Action                   |  1- 3 |  4- 6 || total
-------------------------+-------+-------++-------
Melee: Hand axe          |   123 |    89 ||   212
       Headbutt          |    12 |    11 ||    23
Throw: Stone             |     4 |    15 ||    19
  Use: Scroll            |     1 |     4 ||     5
       Potion            |     1 |     1 ||     2
 Stab: Confused          |       |     1 ||     1
Armor: Leather armour    |    30 |       ||    30
       Ring mail         |    24 |     5 ||    29
       Chain mail        |       |    61 ||    61
Dodge: Dodged            |    83 |    29 ||   112
Block: Buckler           |     2 |    15 ||    17

Table legend: (Time is in decaauts)
 A = Elapsed time spent in this place.
 B = Non-inter-level travel time spent in this place.
 C = Inter-level travel time spent in this place.
 D = Time resting spent in this place.
 E = Time spent auto-exploring this place.
 F = Levels seen in this place.
 G = Mean time per level.
                   A        B        C        D        E       F      G
               +--------+--------+--------+--------+--------+-----+--------+
         Total |   4094 |   3861 |    233 |    714 |   2439 |   4 | 1023.5 |
       Dungeon |   4094 |   3861 |    233 |    714 |   2439 |   4 | 1023.5 |
               +--------+--------+--------+--------+--------+-----+--------+

Top non-repeatable levels by time:
     D:1: 1830 daAuts
     D:2: 1136 daAuts
     D:3: 1098 daAuts
     D:4: 30 daAuts
